Mango, chaotic male elven Priest ------ |....| ----- |....| |....## |....| #....| # ----- |.....#######|....###)# ....| |....| |...| [ --------------- |..@f##### |....| |.... #[##|.............| +...|######### -|---- |...| ))[....{.......|## |...| ###-.------------ # ----- |.............-#####-...| #-............| ### |.............|# |.>.| |............| # --------------- ----- |.......<....| # |............| # |............| -.-------------- -------------- |..............| |.......)......+ |.........<....| |..............| ---------------- Mango the Adept Experience level: 6 Strength: 13 Dexterity: 11 Constitution: 13 Intelligence: 9 Wisdom: 20 Charisma: 11 Health: 0(48) Energy: 61(90) Def: 3 Gold: 1337 Moves: 2689 Dungeon seed: R5vVGJt-4VqS8y-e Game ID: Mango_1614885857 Your Inventory: Coins $ - 1337 gold pieces Amulets x - a cursed amulet of change Weapons a - a blessed +1 mace (weapon in hand) o - 6 +0 darts (in quiver) v - a +0 orcish dagger Armor e - a +0 orcish helm n - a +0 small shield (being worn) y - a +0 orcish helm J - a +0 pair of low boots (being worn) N - a +0 orcish helm (being worn) Comestibles c - a clove of garlic d - a sprig of wolfsbane j - a pear p - a fortune cookie z - a partly eaten food ration F - a tripe ration I - a lizard corpse Spellbooks f - a spellbook of identify g - a spellbook of healing Potions b - 4 potions of holy water A - a potion of water H - a potion of fruit juice Tools h - a tooled horn q - a tin whistle r - a magic flute (0:6) Gems Y - 2 worthless pieces of green glass Spells and supernatural/magical abilities: Name Level Category Fail Memory h - healing 1 healing 3% 87% I - identify 3 divination 87% 87% W - pray for help -- divine ? -- X - turn undead -- divine ? -- Your skills at the end: Fighting Skills Weapon Skills mace [Basic] Spellcasting Skills clerical spells [Basic] Final Attributes: You were piously aligned. You were sleep resistant. You had infravision. You are dead. Vanquished creatures: a lizard a dingo a shrieker a gnome lord a baby crocodile a giant ant a kitten 19 hill orcs a rothe 2 giant bats a dwarf zombie a wererat an iguana 3 acid blobs 5 coyotes a hobgoblin 2 giant rats 2 yellow molds a green mold a gnome zombie 4 geckos 5 jackals a kobold 3 goblins 3 sewer rats 2 grid bugs 2 lichens a kobold zombie 7 newts 75 creatures vanquished. Voluntary challenges: You used a wielded weapon 122 times, starting on turn 50. You read items or engraved 2 times, starting on turn 21. You never genocided any monsters. You never polymorphed an object. You never changed form. You used no wishes. You never split a pudding. You never wrote Elbereth's name. You violated your moral code, losing 1 point of alignment, starting on turn 2459. Dungeon overview: The Dungeons of Doom: levels 1 to 8 Level 1 a long staircase Level 2 a long staircase Level 3 Level 4 a fountain, a sink Level 5 some fountains Level 6 a potion shop Level 7 Level 8 <- You were here a fountain a long staircase History has recorded: On T:1 you entered the Dungeons of Doom to retrieve the Amulet of Yendor! On T:225 you reached level 2 of The Dungeons of Doom. On T:465 you reached level 3 of The Dungeons of Doom. On T:600 you advanced to experience level 2. On T:982 you reached level 4 of The Dungeons of Doom. On T:1084 you advanced to experience level 3. On T:1291 you reached level 5 of The Dungeons of Doom. On T:1668 you reached level 6 of The Dungeons of Doom. On T:1678 you advanced to experience level 4. On T:2000 you reached level 7 of The Dungeons of Doom. On T:2118 you advanced to experience level 5. On T:2454 you reached level 8 of The Dungeons of Doom. On T:2518 you advanced to experience level 6. Score breakdown: Gold: 1337 (10635 points) Experience: 6 levels (12456 points) Exploration: 8 levels ( 16.33%) (11456 points) Discoveries: 6 items ( 2.10%) ( 4345 points) Valuables value: (no points given unless you survive) Artifact value: 0 ( 0 points) Variety of kills: 29 monsters ( 7.61%) ( 8276 points) Turncount: 2689 turns ( -438 points) Survival: died (score multiplied by 80%) Total score: 37384 Latest messages: This hill orc corpse tastes terrible! You finish eating the hill orc corpse. Qwerty picks up an iron skull cap. Qwerty drops an iron skull cap. You kill the newt! The dwarf zombie hits! You hit the dwarf zombie. You hit the dwarf zombie! The dwarf zombie hits! You miss the dwarf zombie. You destroy the dwarf zombie! You stop running. You miss the lynx. The lynx hits! (2x) The lynx just misses! You miss the lynx. The lynx hits! (2x) The lynx bites! You hit the lynx! The lynx hits! (2x) The lynx bites! The lynx hits! (2x) The lynx bites! You die... Final status: Goodbye Mango the Priest, killed by a lynx... You died in The Dungeons of Doom on dungeon level 8 with 37384 points, and 1337 pieces of gold, after 2689 moves. You were level 6 with a maximum of 48 hit points when you died.